 Dungeon Sprint DCSS version 0.31-a0-18-gea43df2a32 (webtiles) character file.

Game seed: 14494368994467310515

601 sircluck the Grappler (level 7, -1/117 HPs)
             Began as a Troll Berserker on May 10, 2023.
             Was a Priest of Trog.
             Succumbed to Sonja's poison
             ... in the Dungeon (Sprint I: "Red Sonja").
             The game lasted 00:00:55 (172 turns).

sircluck the Grappler (Troll Berserker)              Turns: 172, Time: 00:00:56

Health: -1/117     AC:  4    Str: 28    XL:     7   Next: 18%
Magic:  6/6        EV: 11    Int:  3    God:    Trog [***...]
Gold:   212        SH:  0    Dex:  9    Spells: 6/6 levels left

rFire   . .          .
                       - Unarmed
rCold   . . .        (no shield)
rNeg    . . .        a - +0 animal skin
rPois   .            (helmet restricted)
rElec   .            (no cloak)
rCorr   .            (gloves unavailable)
SInv    .            (boots unavailable)
Will    .....        (no amulet) Stlth
                     (no ring)
HPRegen 1.19/turn    (no ring)
MPRegen 0.10/turn

%: no teleportation
@: berserking (expiring), lethally poisoned (-1 -> -46), slowed
A: large, unfitting armour, claws 3, regeneration 1, shaggy fur 1, tough skin 1
a: Renounce Religion, Berserk, Trog's Hand


You were in the Dungeon.
You worshipped Trog.
Trog was most pleased with you.
You visited 1 branch You collected 300 gold pieces.
You spent 88 gold pieces at shops.

Inventory:

Armour
 a - a +0 animal skin (worn)
Scrolls
 g - a scroll of blinking
 h - a scroll of identify {unknown}
Potions
 b - 2 potions of curing
 c - 2 potions of heal wounds
 d - a potion of haste
 e - 2 potions of magic
 f - a potion of berserk rage


   Skills:
 + Level 7.3 Fighting
 + Level 8.0 Dodging
 + Level 10.2 Unarmed Combat


You had 6 spell levels left.
You didn't know any spells.
Your spell library was empty.

Dungeon Overview and Level Annotations

Branches:
Dungeon (1/1)

Altars:
Cheibriados
Dithmenos
Elyvilon
Fedhas
Gozag
Hepliaklqana
Kikubaaqudgha
Makhleb
Nemelex Xobeh
Okawaru
Qazlal
Ru
Sif Muna
Trog
Uskayaw
Vehumet
Wu Jian
Xom
Yredelemnul
Zin
The Shining One
Jiyva
Lugonu

Shops:
D !

Annotations:
D Sonja


Innate Abilities, Weirdness & Mutations

You are too large for most types of armour.
You have claws for hands.
Your natural rate of healing is unusually fast.
You are covered in fur. (AC +1)
You have tough skin. (AC +1)


Message History

You are more poisoned.
Sonja misses you.
Sonja hits you with a +1 dagger of venom.
You are more poisoned.
You miss Sonja. Your claw misses Sonja.
Sonja is lightly wounded.
You feel extremely sick. Sonja misses you. Sonja hits you but does no damage.
You are lethally poisoned!
Sonja hits you but does no damage.
You barely miss Sonja.
Sonja is lightly wounded.
You feel extremely sick. Sonja misses you.
Sonja hits you with a +1 dagger of venom.
* * * LOW HITPOINT WARNING * * *
Sonja barely misses you.
You closely miss Sonja.
Sonja is lightly wounded.
* * * LOW HITPOINT WARNING * * *
You feel extremely sick. Sonja barely misses you. x2
Sonja hits you with a +1 dagger of venom.
* * * LOW HITPOINT WARNING * * *
Sonja misses you. Sonja closely misses you. Sonja hits you but does no damage.
You are more poisoned.
You completely miss Sonja. Your claw misses Sonja.
Sonja is lightly wounded.
* * * LOW HITPOINT WARNING * * *
You feel extremely sick. Sonja completely misses you.
Sonja hits you with a +1 dagger of venom.
* * * LOW HITPOINT WARNING * * *
You are more poisoned.
Sonja hits you with a +1 dagger of venom.
* * * LOW HITPOINT WARNING * * *
You are more poisoned.
You closely miss Sonja.
Sonja is lightly wounded.
You die...

###################
#<.#..').#..'..#__#
#..').#..').#..'..+
#..#####'#####'#__#
#..####..#...#[####
#..#__####.K##.#
#..#_____##@#_.+
#⌠⌠#_.∩...†..._#
####_..__##_.#'#
#_____###'#.#
####### #.### $.$
$.$# ##.## #+#


You could see Sonja.

Vanquished Creatures
  Sigmund (D)
  A slime creature (D)
  A yak (D)
  An ogre (D)
  A jelly (D)
  Ijyb (D)
6 creatures vanquished.

Notes
Turn   | Place    | Note
-------+----------+-------------------------------------------
     0 | D        | sircluck the Troll Berserker began the quest for the Orb.
     0 | D        | Reached XP level 1. HP: 22/22 MP: 0/0
     1 | D        | Noticed Ijyb
     4 | D        | Paralysed by Ijyb for 5 turns
    14 | D        | Paralysed by Ijyb for 4 turns
    32 | D        | Killed Ijyb
    33 | D        | Reached skill level 4 in Unarmed Combat
    33 | D        | Reached XP level 2. HP: 20/31 MP: 1/1
    45 | D        | Noticed an ogre
    49 | D        | Killed an ogre
    50 | D        | Reached skill level 5 in Dodging
    50 | D        | Reached skill level 6 in Unarmed Combat
    50 | D        | Reached XP level 3. HP: 40/40 MP: 2/2
    50 | D        | Reached XP level 4. HP: 49/49 MP: 3/3
    60 | D        | Noticed Sigmund
    64 | D        | Killed Sigmund
    64 | D        | Reached ** piety under Trog
    65 | D        | Reached skill level 8 in Unarmed Combat
    65 | D        | Reached XP level 5. HP: 59/59 MP: 4/4
    65 | D        | Reached XP level 6. HP: 67/67 MP: 5/5
    78 | D        | Found a burning altar of Makhleb.
    78 | D        | Found a viscous altar of Jiyva.
    78 | D        | Found a shimmering altar of Xom.
    78 | D        | Found a corrupted altar of Lugonu.
    78 | D        | Noticed a slime creature
    85 | D        | Killed a slime creature
    86 | D        | Reached skill level 9 in Unarmed Combat
    89 | D        | Found an ornate altar of the Wu Jian Council.
    89 | D        | Found a shimmering blue altar of Sif Muna.
    91 | D        | Found a radiant altar of Vehumet.
   139 | D        | Found Cawkocidd's Distillery.
   139 | D        | Found an ancient bone altar of Kikubaaqudgha.
   139 | D        | Found a hazy altar of Hepliaklqana.
   139 | D        | Found a stormy altar of Qazlal.
   139 | D        | Found a hide-covered altar of Uskayaw.
   139 | D        | Found a blossoming altar of Fedhas.
   139 | D        | Found a bloodstained altar of Trog.
   139 | D        | Found an iron altar of Okawaru.
   139 | D        | Found a basalt altar of Yredelemnul.
   139 | D        | Found a glowing golden altar of the Shining One.
   139 | D        | Found a snail-covered altar of Cheibriados.
   139 | D        | Found a sacrificial altar of Ru.
   139 | D        | Found a glowing silver altar of Zin.
   139 | D        | Found a shadowy altar of Dithmenos.
   139 | D        | Found a white marble altar of Elyvilon.
   139 | D        | Noticed a yak
   142 | D        | Killed a yak
   142 | D        | Reached *** piety under Trog
   143 | D        | Reached skill level 10 in Unarmed Combat
   143 | D        | Reached XP level 7. HP: 72/78 MP: 6/6
   148 | D        | Found an opulent altar of Gozag.
   149 | D        | Found a sparkling altar of Nemelex Xobeh.
   153 | D        | Bought a potion of curing for 33 gold pieces
   153 | D        | Bought a potion of heal wounds for 55 gold pieces
   159 | D        | Noticed Sonja
   172 | D        | Succumbed to Sonja's poison

Illustrated notes

Levels and vault maps discovered:
D:        dungeon_sprint_1 [red_sonja_temple_1, red_sonja_temple_small_1]

Skill      XL: |  1  2  3  4  5  6 |
---------------+-------------------+-----
Fighting       | 3 4 6 7 |  7.3
Dodging        | 3 5 6 8 |  8.0
Unarmed Combat | 4 6 8 10 | 10.2

Action                     |  1- 3 |  4- 6 |  7- 9 || total
---------------------------+-------+-------+-------++-------
  Melee: Unarmed           |    25 |    14 |     8 ||    47
         Punch             |       |     1 |       ||     1
 Invoke: Berserk           |       |       |     1 ||     1
 Armour: Animal skin       |     5 |       |     4 ||     9
  Dodge: Dodged            |     6 |     8 |    14 ||    28

Table legend: (Time is in decaauts)
 A = Elapsed time spent in this place.
 B = Non-inter-level travel time spent in this place.
 C = Inter-level travel time spent in this place.
 D = Time resting spent in this place.
 E = Time spent auto-exploring this place.
 F = Levels seen in this place.
 G = Mean time per level.
                   A        B        C        D        E       F      G
               +--------+--------+--------+--------+--------+-----+--------+
         Total |    167 |    167 |      0 |      0 |     49 |   1 |  167.0 |
       Dungeon |    167 |    167 |      0 |      0 |     49 |   1 |  167.0 |
               +--------+--------+--------+--------+--------+-----+--------+

Top non-repeatable levels by time:
       D: 167 daAuts
